 Dungeon Crawl Stone Soup version 0.21-b1-21-g86478ac (webtiles) character file.

96897 FastMan the Severer (level 16, -6/108 HPs)
             Began as a Gargoyle Berserker on Jan 5, 2018.
             Was a High Priest of Trog.
             Killed by Shatter
             ... invoked by Jorgrun
              (114 damage)
             ... on level 2 of the Snake Pit.
             The game lasted 00:19:12 (18983 turns).

FastMan the Severer (Gargoyle Berserker)           Turns: 18983, Time: 00:19:13

Health: -6/108     AC: 35    Str: 25    XL:     16   Next: 18%
Magic:  5/5        EV: 13    Int: 10    God:    Trog [*****.]
Gold:   1220       SH:  0    Dex: 14    Spells: 15/15 levels left

rFire    + . .     SeeInvis .   b - +5 executioner's axe (antimagic)
rCold    . . .     Gourm    .   (shield currently unavailable)
rNeg     + . .     Faith    .   c - +0 plate armour
rPois    ∞         Spirit   .   I - +1 helmet
rElec    +         Reflect  .   G - +0 cloak
rCorr    .         Harm     .   q - +0 pair of gloves
MR       +....                  B - +1 pair of boots
Stlth    ..........             A - amulet of regeneration
HPRegen  0.68/turn              N - +4 ring of strength
MPRegen  0.09/turn              f - ring of protection from fire

@: studying Dodging
A: big wings, negative energy resistance 1, electricity resistance, unbreathing,
petrification resistance, rot immunity, AC +12
a: Fly, Berserk, Trog's Hand, Brothers in Arms, Burn Spellbooks, Renounce
Religion


You were on level 2 of the Snake Pit.
You worshipped Trog.
Trog was extremely pleased with you.
You were hungry.

You visited 3 branches of the dungeon, and saw 23 of its levels.
You visited 1 bazaar.

You collected 1220 gold pieces.

Inventory:

Hand Weapons
 a - a +3 battleaxe of electrocution
 b - a +5 antimagic executioner's axe (weapon)
 l - a +3 executioner's axe of chopping
Missiles
 v - 5 throwing nets (quivered)
Armour
 c - a +0 plate armour (worn)
 q - a +0 pair of gloves (worn)
 B - a +1 pair of boots (worn)
 G - a +0 cloak (worn)
 I - a +1 helmet (worn)
Jewellery
 f - a ring of protection from fire (right hand)
 r - an uncursed ring of resist corrosion
 A - an amulet of regeneration (around neck)
 N - a +4 ring of strength (left hand)
Wands
 H - a wand of acid (22) {@v2}
Scrolls
 g - 2 scrolls of fog
 i - 5 scrolls of remove curse {@r2}
 t - 11 scrolls of teleportation {@r3}
 u - a scroll of holy word
 y - 2 scrolls of blinking {@r4}
 C - a scroll of fear
 D - 2 scrolls of enchant weapon
 E - a scroll of summoning
 F - 2 scrolls of enchant armour
 K - a scroll of torment {unknown}
 L - a scroll of identify {@r1}
Potions
 d - 3 potions of flight
 h - 9 potions of curing {@q1}
 j - 4 potions of mutation
 k - 3 potions of magic
 m - a potion of berserk rage
 n - 4 potions of heal wounds {@q2}
 o - 4 potions of haste {@q3}
 p - 4 potions of ambrosia
 s - 3 potions of agility {@q5}
 x - 3 potions of might {@q4}
 z - a potion of brilliance {@q6}
 M - a potion of invisibility {unknown}
Books
 w - a book of Cantrips

   Spells                             Type                      Level
   a - Confusing Touch                Hexes                        1
   b - Animate Skeleton               Necromancy                   1
   c - Summon Small Mammal            Summoning                    1
   d - Apportation                    Translocation                1
   Trog disapproves of the use of such an item.
 J - a manual of Dodging
Comestibles
 e - 42 rations


   Skills:
 + Level 15.3 Fighting
 * Level 17.6 Axes
 + Level 12.2 Armour
 + Level 10.3 Dodging


You had 15 spell levels left.
You didn't know any spells.

Dungeon Overview and Level Annotations

Branches:
Dungeon (15/15)            Temple (0/1) D:7            Lair (6/6) D:10
 Shoals (0/4) Lair:4        Snake (2/4) Lair:4        Slime (0/5) Lair:5
    Orc (0/2) D:9          Vaults (0/5) D:13         Depths (0/5) D:15

Altars:
Elyvilon
Gozag
Nemelex Xobeh
Okawaru
Ru
Vehumet
Wu Jian

Shops:
D:4 (   D:9 =   D:15 }

Annotations:
Lair:1 exclusion: oklob plant
Lair:5 exclusion: 3 oklob plants
Snake:2 Jorgrun


Innate Abilities, Weirdness & Mutations

You are resistant to torment.
Your stone body is resilient. (AC +12)
You are immune to poison.
Your large and strong wings let you fly indefinitely.
You resist negative energy. (rN+)
You are resistant to electric shocks. (rElec)
You can survive without breathing.
You are immune to petrification.
You are immune to rotting.


Message History

Jorgrun Earthshaker comes into view.
He is wielding a quarterstaff of crushing.
Jorgrun shouts!
Found a leather armour.
Jorgrun is nearby!
Jorgrun is nearby!
You slice Jorgrun!!
Jorgrun's magic leaks into the air.
Jorgrun is lightly wounded.
Jorgrun hits you but does no damage.
Jorgrun is nearby!
You closely miss Jorgrun.
Jorgrun is lightly wounded.
Jorgrun hits you but does no damage.
You miss Jorgrun.
Jorgrun is lightly wounded.
Jorgrun mutters some incantations to himself.
Jorgrun casts a spell.
The dungeon rumbles around Jorgrun!
You shudder from the earth-shattering force.
Ouch! That really hurt!
You die...

.... .... ..... ...[.
...... ......#
......g#################
.......@................
........................
........................
######################..
#################..
.........##........
.........'.........
.........##...<....
######'###########


You could see Jorgrun.

Vanquished Creatures
  An ettin (D:15)
  7 hydras
  4 vault guards (D:13)
  4 catoblepae
  4 naga warriors (Snake:1)
  4 centaur warriors
  A death knight (D:15)
  An anaconda (Snake:1)
  6 two-headed ogres
  A tengu warrior (D:10)
  5 death yaks
  4 shock serpents
  Urug (D:15)
  A naga sharpshooter (Snake:1)
  3 sea snakes (Snake:1)
  2 wizards
  An unseen horror (D:13)
  5 skeletal warriors (D:13)
  2 naga ritualists (Snake:1)
  A lindwurm (shapeshifter) (D:15)
  3 ugly things
  2 deep elf magi (D:12)
  7 mana vipers (Snake:1)
  4 cyclopes
  A centaur zombie (D:8)
  3 salamanders (Snake:1)
  5 manticores
  3 naga magi (Snake:1)
  A guardian serpent (Snake:1)
  2 merfolk sirens (Lair:4)
  15 black mambas
  Joseph (D:7)
  A torpor snail (Lair:5)
  A gargoyle (D:14)
  7 spiny frogs
  A kobold demonologist (D:15)
  A freezing wraith (D:15)
  3 komodo dragons
  A rime drake (Lair:6)
  A yaktaur (D:15)
  6 trolls
  2 merfolk (Lair:4)
  A jumping spider (shapeshifter) (D:15)
  A meliai (shapeshifter) (D:15)
  2 hornets (D:11)
  9 dream sheep
  8 slime creatures
  9 hippogriffs
  17 blink frogs
  A spriggan (Lair:2)
  3 wyverns
  4 wraiths
  47 yaks
  A yak (shapeshifter) (D:13)
  2 vampires
  3 shadows
  A hog (shapeshifter) (D:13)
  4 basilisks
  A steam dragon (D:12)
  4 hungry ghosts
  16 nagas
  9 water moccasins
  Duvessa (D:5)
  8 porcupines
  A hornet zombie (D:10)
  5 ice beasts
  3 orc warriors
  3 phantoms
  2 eyes of draining
  2 necrophages (D:9)
  6 sky beasts
  9 ogres
  13 wolves
  6 centaurs
  11 crocodiles
  6 big kobolds
  21 bullfrogs
  A wyvern skeleton (D:11)
  A water moccasin skeleton (D:12)
  Dowan (D:5)
  6 scorpions
  4 wights (D:11)
  8 electric eels (Snake:1)
  4 howler monkeys
  9 crimson imps
  A bullfrog zombie (D:13)
  6 jellies
  A gnoll shaman (D:5)
  6 orc wizards
  3 orc priests
  6 centaur skeletons
  6 hounds
  5 iguanas
  9 worker ants
  A hound zombie (D:7)
  A hound skeleton (D:10)
  A howler monkey zombie (D:8)
  8 adders
  4 gnolls (D:5)
  9 shadow imps
  3 oozes
  2 adder skeletons
  2 worms
  2 dart slugs
  8 leopard geckos
  27 orcs
  2 ball pythons
  6 giant cockroaches
  6 goblins
  5 hobgoblins (D:2)
  11 jackals
  2 quokkas
  3 bats
  5 frilled lizards
  24 kobolds
  A leopard gecko skeleton (D:4)
  A quokka skeleton (D:9)
  6 rats
  2 fungi
  2 plants
590 creatures vanquished.

Vanquished Creatures (collateral kills)
  Aizul (Snake:1)
  An ogre mage (D:15)
  A tengu warrior (D:10)
  A deep elf archer (D:15)
  A porcupine (D:10)
  An orc warrior (D:10)
6 creatures vanquished.

Vanquished Creatures (others)
  Nikola (Snake:1)
  An unseen horror (D:13)
  25 fungi
  46 plants
73 creatures vanquished.

Grand Total: 669 creatures vanquished

Notes
Turn   | Place    | Note
-------+----------+-------------------------------------------
     0 | D:1      | FastMan the Gargoyle Berserker began the quest for the Orb.
     0 | D:1      | Reached XP level 1. HP: 14/14 MP: 1/1
   149 | D:1      | Reached skill level 3 in Axes
   168 | D:1      | Reached XP level 2. HP: 9/19 MP: 2/2
   828 | D:2      | Found a white marble altar of Elyvilon.
   907 | D:2      | Reached XP level 3. HP: 23/24 MP: 3/3
  1255 | D:2      | Reached ** piety under Trog
  1437 | D:2      | Reached XP level 4. HP: 27/29 MP: 4/4
  1473 | D:2      | Found an opulent altar of Gozag.
  1619 | D:3      | Reached skill level 4 in Axes
  1962 | D:4      | Found Amezai's Weapon Shop.
  1979 | D:4      | Noticed an ogre
  1987 | D:4      | Killed an ogre
  1987 | D:4      | Reached XP level 5. HP: 13/34 MP: 5/5
  2362 | D:4      | Reached skill level 5 in Axes
  2368 | D:4      | Reached XP level 6. HP: 35/40 MP: 6/6
  2593 | D:5      | Entered Level 5 of the Dungeon
  2632 | D:5      | Reached skill level 5 in Fighting
  2653 | D:5      | Reached *** piety under Trog
  2822 | D:5      | Reached XP level 7. HP: 25/44 MP: 7/7
  2976 | D:5      | Reached skill level 6 in Axes
  3032 | D:5      | Noticed Dowan
  3033 | D:5      | Noticed Duvessa
  3038 | D:5      | Killed Dowan
  3048 | D:5      | Killed Duvessa
  3574 | D:6      | Received a gift from Trog
  3576 | D:6      | Reached skill level 7 in Axes
  3632 | D:6      | Reached XP level 8. HP: 52/52 MP: 8/8
  3947 | D:6      | Found an ornate altar of the Wu Jian Council.
  4076 | D:6      | Reached skill level 8 in Axes
  4209 | D:7      | Noticed Joseph
  4225 | D:7      | Killed Joseph
  4225 | D:7      | Reached skill level 9 in Axes
  4225 | D:7      | Reached XP level 9. HP: 48/59 MP: 9/9
  4400 | D:7      | Reached **** piety under Trog
  4404 | D:7      | Found a staircase to the Ecumenical Temple.
  5081 | D:8      | Reached skill level 10 in Axes
  5280 | D:8      | Noticed a two-headed ogre
  5314 | D:8      | Killed a two-headed ogre
  5314 | D:8      | Reached XP level 10. HP: 54/66 MP: 10/10
  5466 | D:8      | Reached skill level 11 in Axes
  5512 | D:8      | Noticed a two-headed hydra
  5516 | D:8      | Killed a one-headed hydra
  5516 | D:8      | Reached skill level 10 in Fighting
  5725 | D:9      | Found a staircase to the Orcish Mines.
  5790 | D:9      | Reached skill level 12 in Axes
  5992 | D:9      | Reached ***** piety under Trog
  6218 | D:9      | Found Kyump's Jewellery Emporium.
  6417 | D:9      | Reached XP level 11. HP: 61/73 MP: 11/11
  6648 | D:10     | Entered Level 10 of the Dungeon
  6723 | D:10     | Found an iron altar of Okawaru.
  6774 | D:10     | Noticed a white ugly thing
  6793 | D:10     | Killed a white ugly thing
  7029 | D:10     | Noticed a tengu warrior
  7032 | D:10     | Noticed a tengu warrior
  7060 | D:10     | Killed a tengu warrior
  7076 | D:10     | Killed a tengu warrior
  7229 | D:10     | Reached skill level 13 in Axes
  7234 | D:10     | Received a gift from Trog
  7241 | D:10     | Reached skill level 5 in Armour
  7271 | D:10     | Noticed a two-headed ogre
  7751 | D:10     | Killed a two-headed ogre
  7853 | D:10     | Found a staircase to the Lair.
  7865 | Lair:1   | Entered Level 1 of the Lair of Beasts
  8011 | Lair:1   | Noticed an oklob plant
  8207 | Lair:1   | Reached XP level 12. HP: 81/81 MP: 12/12
  8268 | Lair:1   | Found a radiant altar of Vehumet.
  9563 | Lair:2   | Noticed a four-headed hydra
  9567 | Lair:2   | Got a crude war axe
  9574 | Lair:2   | Killed a one-headed hydra
  9574 | Lair:2   | Reached skill level 14 in Axes
  9614 | Lair:2   | Identified the +8 war axe "Ymmomes" {flame, MR+ Dex+4} (You found it on level 2 of the Lair of Beasts)
  9855 | Lair:3   | Noticed a four-headed hydra
  9861 | Lair:3   | Killed a one-headed hydra
  9979 | Lair:3   | Noticed a five-headed hydra
  9988 | Lair:3   | Killed a one-headed hydra
 10609 | Lair:4   | Reached XP level 13. HP: 87/87 MP: 13/13
 10666 | Lair:4   | Found a staircase to the Shoals.
 10782 | Lair:4   | Found a staircase to the Snake Pit.
 11133 | Lair:4   | Received a gift from Trog
 11602 | Lair:5   | Reached skill level 15 in Axes
 11613 | Lair:5   | Found a staircase to the Slime Pits.
 12324 | Lair:6   | Entered Level 6 of the Lair of Beasts
 12355 | Lair:6   | Reached skill level 5 in Dodging
 12955 | Lair:6   | Gained mutation: Your large and strong wings let you fly indefinitely. [Gargoyle growth]
 12955 | Lair:6   | Reached XP level 14. HP: 65/94 MP: 14/14
 13772 | D:11     | Reached skill level 10 in Armour
 14247 | D:12     | Received a gift from Trog
 14330 | D:12     | Reached skill level 16 in Axes
 14399 | D:12     | Received a gift from Trog
 14577 | D:13     | Found a gate to the Vaults.
 15194 | D:13     | Reached XP level 15. HP: 87/101 MP: 15/15
 15529 | D:14     | Found a gateway to a bazaar.
 15558 | Bazaar   | Entered a bazaar
 15558 | Bazaar   | Found Falaps's Book Boutique.
 15558 | Bazaar   | Found Yzanwof's Jewellery Boutique.
 15586 | Bazaar   | Found Paewneog's Weapon Boutique.
 15635 | Bazaar   | Found Viomott's Book Shop.
 15792 | D:14     | Found a sparkling altar of Nemelex Xobeh.
 16001 | D:14     | Received a gift from Trog
 16009 | D:14     | Reached ****** piety under Trog
 16376 | D:15     | Entered Level 15 of the Dungeon
 16489 | D:15     | Found a staircase to the Depths.
 16717 | D:15     | Noticed Urug
 16735 | D:15     | Killed Urug
 16897 | D:15     | Reached skill level 17 in Axes
 17040 | D:15     | Found a sacrificial altar of Ru.
 17099 | D:15     | Found Wygadisk's Gadget Shoppe.
 17611 | Snake:1  | Entered Level 1 of the Snake Pit
 17653 | Snake:1  | Noticed Aizul
 17659 | Snake:1  | Killed Aizul
 17768 | Snake:1  | Reached skill level 15 in Fighting
 17819 | Snake:1  | Noticed Nikola
 17828 | Snake:1  | Killed Nikola
 18123 | Snake:1  | Got a warped ring mail
 18135 | Snake:1  | Identified the cursed +0 ring mail of Gallantry {-Tele rC++ rN+ Dex+2} (You found it on level 1 of the Snake Pit)
 18188 | Snake:1  | Reached skill level 10 in Dodging
 18204 | Snake:1  | Reached XP level 16. HP: 90/108 MP: 5/16
 18565 | Snake:1  | Received a gift from Trog
 18979 | Snake:2  | Noticed Jorgrun
 18983 | Snake:2  | Killed from afar by Jorgrun

Skill      XL: |  1  2  3  4  5  6  7  8  9 10 11 12 13 14 15 |
---------------+----------------------------------------------+-----
Axes           | 3 4 5 7 9 10 12 13 14 15 16 17 | 17.6
Fighting       | 4 5 6 8 9 10 11 12 13 14 15 | 15.3
Armour         | 5 7 9 10 12 | 12.2
Dodging        | 3 5 8 10 | 10.3

Action                   |  1- 3 |  4- 6 |  7- 9 | 10-12 | 13-15 | 16-18 || total
-------------------------+-------+-------+-------+-------+-------+-------++-------
Melee: Hand axe          |   111 |   142 |       |   502 |       |       ||   755
       War axe           |       |       |   281 |    80 |   198 |       ||   559
       Battleaxe         |       |       |       |       |   418 |       ||   418
       Executioner's axe |       |       |       |       |   260 |    86 ||   346
Invok: Berserk           |     3 |     4 |     6 |    14 |    12 |     1 ||    40
       Trog's Hand       |       |       |     1 |       |     6 |       ||     7
       Burn Spellbooks   |       |       |       |     2 |     3 |       ||     5
       Brothers in Arms  |       |       |       |     2 |     3 |       ||     5
  Use: Scroll            |       |       |       |    22 |     8 |       ||    30
  Eat: Chunk             |     2 |     6 |    15 |    20 |    37 |     1 ||    81
       Ration            |     1 |       |     2 |     3 |     3 |       ||     9
Armor: Animal skin       |    40 |     1 |       |       |       |       ||    41
       Ring mail         |       |    83 |   134 |       |       |       ||   217
       Chain mail        |       |       |     9 |   290 |   217 |       ||   516
       Plate armour      |       |       |       |       |   519 |    86 ||   605
Dodge: Dodged            |    88 |   107 |   139 |   184 |   450 |    57 ||  1025
